Map: Lightshade LE

Players

Astrea - Winner!

  • Race: Protoss Protoss

TriGGeR

  • Race: Protoss Protoss

Event: DreamHack SC2 Masters 2021 Fall

VOD

Have the link to the VOD?

Description

Time

  • Played on: Aug. 4, 2021, 4:33 p.m.
  • Length: 6:18

All games in this series

Show
View Real Time Build Order
Export as new Build Order

Astrea Protoss - Winner!

Build Orders: 1 Gate Expand 

Get SALT Encoding   

  12  0:00  Probe  
  13  0:12  Probe  
  14  0:17  Pylon  
  14  0:24  Probe (Chrono Boost)  
  16  0:36  Probe (Chrono Boost)  
  16  0:37  Gateway  
  16  0:43  Probe (Chrono Boost)  
  16  0:45  Assimilator  
  17  0:51  Probe  
  17  0:54  Assimilator  
  18  1:03  Probe  
  19  1:15  Probe  
  20  1:26  Nexus  
  20  1:37  Cybernetics Core  
  20  1:41  Probe (Chrono Boost)  
  21  1:53  Probe (Chrono Boost)  
  22  1:54  Pylon  
  22  1:58  Probe (Chrono Boost)  
  23  2:12  Stalker, Probe  
  26  2:24  Robotics Facility, Probe  
  26  2:25  Warp Gate  
  26  2:28  Shield Battery  
  27  2:36  Probe  
  28  2:39  Probe  
  29  2:45  Stalker  
  29  2:48  Probe  
  31  2:55  Gateway  
  31  3:00  Probe  
  33  3:12  Shield Battery  
  34  3:17  Immortal (Chrono Boost)  
  29  3:26  Stalker  
  34  3:28  Probe x2  
  36  3:41  Shield Battery  
  36  3:49  Warp Prism (Chrono Boost)  
  38  4:14  Stalker  
  38  4:15  Immortal (Chrono Boost)  
  40  4:17  Stalker  
  40  4:23  Pylon  
  40  4:38  Stalker  
  40  4:45  Stalker  
  42  4:48  Warp Prism (Chrono Boost)  
  42  5:02  Stalker  
  44  5:08  Stalker  
  46  5:19  Immortal  
  50  5:26  Stalker  
  52  5:29  Pylon  
  52  5:40  Stalker  
  53  5:46  Shield Battery  
  50  5:53  Stalker  
  47  6:07  Zealot  
Show
View Real Time Build Order
Export as new Build Order

TriGGeR Protoss 

Build Orders:  

Get SALT Encoding   

  12  0:00  Probe  
  13  0:12  Probe  
  14  0:17  Pylon  
  14  0:24  Probe (Chrono Boost)  
  15  0:36  Probe (Chrono Boost)  
  15  0:37  Gateway  
  16  0:44  Probe (Chrono Boost)  
  16  0:46  Assimilator  
  17  0:51  Probe  
  17  0:55  Assimilator  
  18  1:03  Probe  
  19  1:08  Gateway  
  19  1:15  Probe  
  20  1:24  Cybernetics Core  
  20  1:27  Probe  
  21  1:39  Probe  
  22  1:51  Pylon, Probe  
  23  1:54  Warp Gate (Chrono Boost)  
  23  2:09  Adept x2  
  23  2:11  Gateway  
  27  2:27  Pylon  
  27  2:39  Stalker x2  
  31  2:59  Gateway  
  31  3:00  Stalker  
  31  3:05  Pylon  
  31  3:29  Stalker x2  
  31  3:34  Pylon  
  35  3:38  Stalker  
  37  3:52  Stalker x3  
  43  3:56  Pylon  
  39  4:06  Stalker  
  39  4:08  Stalker  
  42  4:15  Stalker  
  44  4:21  Stalker  
  38  4:37  Stalker  
  28  4:46  Stalker x2  
  30  4:55  Stalker  
  32  5:03  Adept  
  34  5:09  Adept  
  36  5:16  Stalker  
  38  5:27  Sentry  
  38  5:28  Adept  
  42  5:32  Adept  
  38  5:54  Adept x3  

Tags
 
Add a new tag
Caveats
  • Supply blocks, unpowered buildings, or Contaminate may cause inaccurate times.
  • Supply counts are checked every 10 seconds.